 Dungeon Crawl Stone Soup version 0.18.1-5-g4a78601 (webtiles) character file.

3416 kae the Cleaver (level 9, -2/81 HPs)
             Began as a Deep Dwarf Fighter on May 10, 2016.
             Was a Believer of Makhleb.
             Killed from afar by namelastname112's ghost (47 damage)
             ... with a bolt of negative energy
             ... on level 8 of the Dungeon.
             The game lasted 00:12:12 (6265 turns).

kae the Cleaver (Deep Dwarf Fighter)                Turns: 6265, Time: 00:12:13

Health: -2/81      AC: 12    Str: 21    XL:     9   Next: 76%
Magic:  7/7        EV:  6    Int: 10    God:    Makhleb [**....]
Gold:   455        SH:  9    Dex: 18    Spells: 0 memorised, 8 levels left

rFire  . . .     SeeInvis .     a - +1 war axe
rCold  . . .     Gourm    .     b - +0 scale mail
rNeg   . . .     Faith    .     c - +1 shield
rPois  +         Spirit   .     z - +1 helmet "Veawox" {-Tele +Fly rPois Stlth+}
rElec  .         Dismiss  .     D - +0 cloak
rCorr  .         Reflect  .     (no gloves)
SustAt .         Harm     .     x - +2 pair of boots
MR     +....     NoTele   +     (no amulet)
Stlth  +.........               (no ring)
                                d - +3 ring of dexterity

@: lethally poisoned (-2 -> -2), very slightly contaminated, non-regenerating,
very heavily drained, somewhat resistant to hostile enchantments, very
unstealthy
A: damage resistance, recharge devices, clever 1, sense surroundings 2, robust
1, slow regeneration 3
a: Device Recharging, Minor Destruction, Renounce Religion, Evoke Flight


You were on level 8 of the Dungeon.
You worshipped Makhleb.
Makhleb was pleased with you.
You were hungry.

You visited 2 branches of the dungeon, and saw 9 of its levels.

You collected 455 gold pieces.

Inventory:

Hand Weapons
 a - a +1 war axe (weapon)
 t - a +1 hand axe of venom
Armour
 b - a +0 scale mail (worn)
 c - a +1 shield (worn)
 x - a +2 pair of boots (worn)
 y - a +0 helmet
 z - the +1 helmet "Veawox" (worn) {-Tele +Fly rPois Stlth+}
   (You found it on level 7 of the Dungeon)

   It protects you from poison.
   It lets you fly.
   It prevents most forms of teleportation.
   It makes you more stealthy.
 D - a +0 cloak (worn)
Jewellery
 d - a +3 ring of dexterity (left hand)
 I - an uncursed ring of positive energy {unknown}
Wands
 e - a wand of heal wounds (0/9)
 j - a wand of hasting (0/9)
 C - a wand of disintegration (3/24)
 H - a wand of digging (15/24)
 K - a wand of confusion (26/48)
Scrolls
 g - 3 scrolls of fog
 h - 2 scrolls of teleportation
 i - 2 scrolls of amnesia
 l - 2 scrolls of enchant armour
 q - 2 scrolls of fear
 u - 3 scrolls of identify
 B - 2 scrolls of enchant weapon
 F - 2 scrolls of remove curse
Potions
 k - 3 potions of degeneration
 n - a potion of mutation
 p - 2 potions of agility
 s - 6 potions of curing
 v - a potion of flight
 w - 2 potions of magic
 A - a potion of haste
 E - a potion of ambrosia {unknown}
Books
 G - a book of Minor Magic

   Spells                             Type                      Level
   a - Magic Dart                     Conjuration                  1
   b - Blink                          Translocation                2
   c - Call Imp                       Summoning                    2
   d - Repel Missiles                 Charms/Air                   2
   e - Slow                           Hexes                        2
   f - Conjure Flame                  Conjuration/Fire             3
   g - Mephitic Cloud                 Conjuration/Poison/Air       3
Comestibles
 f - 6 bread rations
 m - 2 beef jerkies
 o - 3 fruits
 r - 3 meat rations
 J - 2 chunks of flesh


   Skills:
 - Level 2.6(0.0) Fighting
 + Level 14.5(10.7) Axes
 - Level 3.2(0.4) Armour
 - Level 3.2(0.4) Shields


You had 8 spell levels left.
You didn't know any spells.

Dungeon Overview and Level Annotations

Branches:
Dungeon (8/15)             Temple (1/1) D:4
   Lair: D:8-11

Altars:
Ashenzari
Cheibriados
Elyvilon
Fedhas
Gozag
Kikubaaqudgha
Makhleb
Nemelex Xobeh
Okawaru
Qazlal
Sif Muna
Trog
Vehumet
Xom
Yredelemnul
The Shining One

Shops:
D:4 [

Annotations:
D:5 Prince Ribbit
D:8 namelastname112's ghost, novice DrWz


Innate Abilities, Weirdness & Mutations

You are resistant to damage.
You can recharge devices by infusing magical energy.
You passively map the area around you.
You do not regenerate naturally.
Your mind is acute. (Int +2)
You are robust (+10% HP).


Message History

You hit namelastname112's ghost but do no damage.
Namelastname112's ghost is heavily damaged.
Namelastname112's ghost gestures wildly while chanting.
Namelastname112's ghost blinks!
Evoke which item? (* to show all) (? for menu, Esc to quit)
Zapping:
C - a wand of disintegration (will waste charges)
Press: ? - help, Shift-Dir - straight line, f - namelastname112's ghost
Aim: namelastname112's ghost, wielding a weapon of venom (heavily damaged, catching its breath, chance to defeat MR: 30%) Namelastname112's ghost easily resists.
Evoking this partially-identified wand wasted a few charges.
You feel yourself slow down.
Your shield and scale mail prevent you from hitting namelastname112's ghost.
Namelastname112's ghost is heavily damaged.
Namelastname112's ghost hits you but does no damage.
You hit namelastname112's ghost.
Namelastname112's ghost is heavily damaged.
Namelastname112's ghost breathes negative energy at you.
The bolt of negative energy hits you!
You feel drained.
Ouch! That really hurt!
You die...

#.#
#######....
#.# ##... #.#
##.# ##.##
#.# ##.#.####
#.# #.###...#
#'# #..#.##.#
.., #.#..# .#
* , #@##.#..#
#W##....### ,
,
#.##.......',
,,
#.###...####,
#.......# ,
#####.### ,
*.# ,, .# #+
.# #.#


You could see namelastname112's ghost.

Vanquished Creatures
  Pikel (D:4)
  Sigmund (D:3)
  Menkaure (D:4)
  A water moccasin (D:7)
  An orc warrior (D:6)
  4 slaves (D:4)
  A phantom (D:8)
  A sky beast (D:5)
  The ghost of kae the Chopper, an amateur DDFi (D:3)
  7 ogres
  A centaur (D:7)
  Blork the orc (D:5)
  4 giant frogs
  A gnoll sergeant (D:5)
  3 scorpions
  3 killer bees (D:5)
  2 crimson imps
  6 orc priests
  Crazy Yiuf (D:5)
  A jelly (D:5)
  An iguana (D:3)
  Ijyb (D:2)
  5 orc wizards
  Natasha (thrice) (D:3)
  3 worker ants
  A killer bee zombie (D:7)
  Robin (D:3)
  3 gnolls (D:5)
  7 adders
  3 shadow imps
  2 oozes
  An adder skeleton (D:7)
  3 worms
  3 dart slugs
  3 giant geckos
  20 orcs
  6 bats
  4 giant cockroaches
  5 hobgoblins
  A quokka (D:7)
  7 ball pythons
  A giant gecko zombie (D:7)
  2 giant newts
  16 goblins
  7 kobolds
  12 rats
  A spectral orc (D:6)
164 creatures vanquished.

Notes
Turn   | Place    | Note
--------------------------------------------------------------
     0 | D:1      | kae the Deep Dwarf Fighter began the quest for the Orb.
     0 | D:1      | Reached XP level 1. HP: 20/20 MP: 1/1
   188 | D:1      | Reached skill level 3 in Axes
   188 | D:1      | Reached XP level 2. HP: 27/27 MP: 2/2
   814 | D:2      | Reached XP level 3. HP: 24/33 MP: 3/3
   819 | D:2      | Reached skill level 4 in Axes
  1097 | D:2      | Noticed Ijyb
  1104 | D:2      | Killed Ijyb
  1104 | D:2      | Reached skill level 5 in Axes
  1104 | D:2      | Reached XP level 4. HP: 23/40 MP: 4/4
  1129 | D:2      | Found a faded altar to an unknown god.
  1239 | D:3      | Found an iron altar of Okawaru.
  1262 | D:3      | Noticed Sigmund
  1403 | D:3      | Noticed kae's ghost (amateur DDFi)
  1426 | D:3      | Killed kae's ghost
  1426 | D:3      | Reached skill level 6 in Axes
  1426 | D:3      | Reached XP level 5. HP: 29/46 MP: 5/5
  1579 | D:3      | Killed Sigmund
  1579 | D:3      | Reached skill level 7 in Axes
  1579 | D:3      | Reached XP level 6. HP: 17/55 MP: 6/6
  1624 | D:3      | Noticed Natasha
  1634 | D:3      | Killed Natasha
  1672 | D:3      | Noticed Natasha
  1682 | D:3      | Killed Natasha
  1831 | D:3      | Noticed Natasha
  1837 | D:3      | Killed Natasha
  1837 | D:3      | Reached skill level 8 in Axes
  1860 | D:3      | Noticed Robin
  1878 | D:3      | Killed Robin
  2250 | D:3      | Found an iron altar of Okawaru.
  2251 | D:3      | Found a snail-covered altar of Cheibriados.
  2286 | D:4      | Reached XP level 7. HP: 27/61 MP: 7/7
  2359 | D:4      | Noticed Menkaure
  2374 | D:4      | Killed Menkaure
  2374 | D:4      | Reached skill level 9 in Axes
  2518 | D:4      | Found a staircase to the Ecumenical Temple.
  2529 | Temple   | Entered the Ecumenical Temple
  2652 | Temple   | Became a worshipper of Makhleb the Destroyer
  2836 | D:4      | Noticed Pikel
  2862 | D:4      | Killed Pikel
  2862 | D:4      | Reached skill level 10 in Axes
  2862 | D:4      | Reached XP level 8. HP: 65/68 MP: 8/8
  2916 | D:4      | Found Gila's Armour Emporium.
  2973 | D:4      | Reached skill level 11 in Axes
  3147 | D:5      | Entered Level 5 of the Dungeon
  3205 | D:5      | Reached skill level 12 in Axes
  3351 | D:5      | Noticed Blork the orc
  3363 | D:5      | Killed Blork the orc
  3476 | D:5      | Reached * piety under Makhleb
  3595 | D:5      | Noticed Crazy Yiuf
  3600 | D:5      | Killed Crazy Yiuf
  3600 | D:5      | Gained mutation: You passively map the area around you. [Deep Dwarf growth]
  3600 | D:5      | Reached XP level 9. HP: 20/74 MP: 8/8
  3802 | D:5      | Noticed Prince Ribbit
  4493 | D:6      | Found a basalt altar of Yredelemnul.
  4642 | D:6      | Reached skill level 13 in Axes
  4649 | D:6      | Gained mutation: You are robust (+10% HP). [potion of beneficial mutation]
  4650 | D:6      | Gained mutation: Your mind is acute. (Int +2) [potion of beneficial mutation]
  5095 | D:7      | Got a shimmering helmet
  5106 | D:7      | Identified the +1 helmet "Veawox" {-Tele +Fly rPois Stlth+} (You found it on level 7 of the Dungeon)
  5419 | D:7      | Reached skill level 14 in Axes
  5421 | D:7      | Reached ** piety under Makhleb
  5444 | D:7      | Found a shattered altar of Ashenzari.
  5455 | D:7      | Saw a vision of the Shoals and the Spider Nest.
  5455 | D:7      | Noticed a merfolk
  5455 | D:7      | Noticed a wolf spider
  5455 | D:7      | Noticed a merfolk
  5455 | D:7      | Noticed a siren
  5455 | D:7      | Noticed a sea snake
  5455 | D:7      | Noticed a wolf spider
  5456 | D:7      | Noticed a siren
  5856 | D:8      | Found a blossoming altar of Fedhas.
  6192 | D:8      | Noticed namelastname112's ghost (novice DrWz)
  6265 | D:8      | Killed from afar by namelastname112's ghost

Skill      XL: |  1  2  3  4  5  6  7  8  9 |
---------------+----------------------------+-----
Axes           | 3 5 6 7 8 10 12 14 | 14.5
Fighting       | |  2.6
Armour         | |  3.2
Shields        | |  3.2

Action                   |  1- 3 |  4- 6 |  7- 9 || total
-------------------------+-------+-------+-------++-------
Melee: War axe           |    88 |   122 |   435 ||   645
 Abil: Device Recharging |       |       |     2 ||     2
Evoke: Wand              |     1 |     2 |    15 ||    18
  Use: Potion            |       |     2 |     6 ||     8
       Scroll            |       |     7 |    12 ||    19
  Eat: Chunk             |       |     4 |    14 ||    18
Armor: Scale mail        |    54 |    45 |   111 ||   210
       Skin              |       |    11 |       ||    11
Dodge: Dodged            |    29 |    24 |    69 ||   122
Block: Shield            |    43 |    63 |   148 ||   254
